 Dungeon Crawl Stone Soup version 0.21.1-1-g345015f (webtiles) character file.

51 letownia2 the Magician (level 3, 0/24 HPs)
             Began as a Merfolk Wizard on Mar 18, 2018.
             Slain by a quokka (1 damage)
             ... on level 3 of the Dungeon.
             The game lasted 00:06:35 (1149 turns).

letownia2 the Magician (Merfolk Wizard)             Turns: 1149, Time: 00:06:36

Health: 0/24       AC:  2    Str:  8    XL:     3   Next: 81%
Magic:  7/7        EV: 13    Int: 17    God:
Gold:   84         SH:  0    Dex: 12    Spells: 2/8 levels left

rFire    . . .     SeeInvis .   a - +1 dagger (elec)
rCold    . . .     Gourm    .   (no shield)
rNeg     . . .     Faith    .   p - +0 robe
rPois    .         Spirit   .   n - +0 hat
rElec    .         Reflect  .   (no cloak)
rCorr    +         Harm     .   (no gloves)
MR       .....                  (no boots)
Stlth    ++........             (no amulet)
HPRegen  0.08/turn              u - ring of resist corrosion
MPRegen  0.10/turn              (no ring)

@: very slightly contaminated
A: change form in water, swift swim, stealthy swim
a: no special abilities


You were on level 3 of the Dungeon.
You were near starving.

You visited 1 branch of the dungeon, and saw 4 of its levels.

You collected 84 gold pieces.

Inventory:

Hand Weapons
 a - a +1 dagger of electrocution (weapon)
 b - a +2 dagger of draining
 h - a +0 short sword
 m - a +0 long sword
 o - a cursed -2 dagger
 r - a +0 hunting sling
Missiles
 q - 12 sling bullets
Armour
 i - a +0 leather armour
 n - a +0 hat (worn)
 p - a +0 robe (worn)
Jewellery
 u - a ring of resist corrosion (left hand)
Wands
 l - a wand of random effects (28)
Scrolls
 e - 4 scrolls of identify {unknown}
 f - a scroll of enchant weapon {unknown}
 g - a scroll of magic mapping {unknown}
 j - 2 scrolls of noise {unknown}
 k - a scroll of blinking {unknown}
 s - a scroll of immolation {unknown}
 t - a scroll of remove curse {unknown}
 w - a scroll of enchant armour {unknown}
Potions
 v - a potion of flight {unknown}
Books
 c - a book of Minor Magic

   Spells                             Type                      Level
   a - Magic Dart                     Conjuration                  1
   b - Blink                          Translocation                2
   c - Call Imp                       Summoning                    2
   d - Slow                           Hexes                        2
   e - Conjure Flame                  Conjuration/Fire             3
   f - Mephitic Cloud                 Conjuration/Poison/Air       3
Comestibles
 d - 3 rations


   Skills:
 + Level 0.0 Short Blades
 - Level 2.6 Dodging
 - Level 2.1 Stealth
 + Level 3.1 Spellcasting
 - Level 2.0 Conjurations
 - Level 1.6 Summonings
   Level 0.7 Translocations
 + Level 0.6 Air Magic
 + Level 1.0 Poison Magic


You had 2 spell levels left.
You knew the following spells:

 Your Spells              Type           Power        Failure   Level  Hunger
a - Magic Dart            Conj           #...         8%          1    None
e - Mephitic Cloud        Conj/Pois/Air  #.......     30%         3    ###....
i - Call Imp              Summ           #.......     13%         2    ##.....


Dungeon Overview and Level Annotations

Branches:
Dungeon (4/15)
 Temple: D:4-7

Altars:
Nemelex Xobeh


Message History

The quokka is almost dead.
The quokka closely misses you.
Unknown command.
You closely miss the quokka.
The quokka is almost dead.
The quokka closely misses you.
Unknown command.
You hit the quokka.
You kill the quokka!
Your Poison Magic skill increases to level 1!
Unknown command.
You hit the quokka.
The quokka is severely wounded.
The quokka bites you.
* * * LOW HITPOINT WARNING * * *
Unknown command.
You barely miss the quokka.
The quokka is severely wounded.
The quokka barely misses you. The quokka bites you.
You die...

##.......>..#
#.# #.####.#.#.#
#.# #
###.#.#.####.#
#............#
#.#..........#
#.###.######.# #
#.# ##.##
#.#####...####
#...Kr@......#
......###...##.#
###.# ##.## # #
#.# #.# #.# .#


You could see a quokka and a kobold.

Vanquished Creatures
  An adder (D:3)
  3 worms (D:2)
  A dart slug (D:2)
  A leopard gecko (D:2)
  An orc (D:3)
  3 bats
  2 goblins
  3 hobgoblins
  4 quokkas
  3 frilled lizards (D:2)
  6 kobolds
  A rat (D:1)
29 creatures vanquished.

Notes
Turn   | Place    | Note
-------+----------+-------------------------------------------
     0 | D:1      | letownia2 the Merfolk Wizard began the quest for the Orb.
     0 | D:1      | Reached XP level 1. HP: 13/13 MP: 4/4
    84 | D:1      | Reached skill level 1 in Conjurations
   258 | D:2      | Found a sparkling altar of Nemelex Xobeh.
   365 | D:2      | Reached XP level 2. HP: 18/19 MP: 0/6
   371 | D:2      | Learned a level 2 spell: Call Imp
   494 | D:3      | Reached XP level 3. HP: 10/24 MP: 0/7
   521 | D:3      | Learned a level 3 spell: Mephitic Cloud
  1147 | D:3      | Reached skill level 1 in Poison Magic
  1148 | D:3      | HP: 1/24 [quokka (5)]
  1149 | D:3      | Slain by a quokka

Skill      XL: |  1  2  3 |
---------------+----------+-----
Conjurations   | 1 2 |  2.0
Poison Magic   | 1 |  1.0
Dodging        | |  2.6
Stealth        | |  2.1
Spellcasting   | |  3.1
Summonings     | |  1.6
Translocations | |  0.7
Air Magic      | |  0.6

Action                   || total
-------------------------++-------
Melee: Unarmed           ||     4
       Short sword       ||    13
       Dagger            ||    47
 Cast: Magic Dart        ||    42
       Mephitic Cloud    ||     5
Evoke: Wand              ||     1
 Stab: Confused          ||     1
       Sleeping          ||     1
Armor: Robe              ||     7
Dodge: Dodged            ||    48
